AoeStats
← makeinu

Oasis

509249390Analyzed
4v4 RM · 7d ago on Sep 26, 2026· 45m 35s· 8 players
Game mode
Random Map
Map size
Large (8 player)
Population
200
Speed
Normal
Resources
Standard
Victory
Conquest
Starting age
Dark Age
Ending age
Imperial Age
RankedLock teamsTeams togetherTeam positionsShared explorationLock speedFull tech treeHidden civsTurbo modeCheats
Victory
Defeat
🇨🇳 Maya · China
1274
+14
🇺🇾 Britons · Uruguay
1141
+20
🇺🇾 Aztecs · Uruguay
1120
+21
🇯🇵 Huns · Japan
1113
+21
🇺🇾 Persians · Uruguay
1289
-21
🇨🇷 Japanese · Costa Rica
1242
-20
🇮🇳 Koreans · India
1216
-19
🇧🇷 Cumans · Brazil
1166
-16
doncath44
7:28 Loom
9:57 Feudal Age
10:37 Double-Bit Axe
10:35 Horse Collar
15:58 Scale Barding Armor
18:32 Forging
20:37 Wheelbarrow
25:37 Castle Age
24:12 Gold Mining
26:52 Chain Barding Armor
25:54 Light Cavalry
26:34 Husbandry
26:54 Hand Cart
27:54 Iron Casting
28:42 Heavy Plow
28:54 Bow Saw
36:08 Gold Shaft Mining
37:11 Stone Mining
38:29 Stone Shaft Mining
42:41 Imperial Age
39:41 Pikeman
40:21 Squires
alwinmonteiro
5:28 Loom
6:54 Loom
10:36 Feudal Age
11:14 Gold Mining
11:12 Double-Bit Axe
23:05 Horse Collar
27:28 Castle Age
26:33 Scale Barding Armor
36:48 Capped Ram
folly55
4:20 Loom
11:03 Feudal Age
11:49 Double-Bit Axe
12:12 Gold Mining
13:05 Fletching
15:34 Padded Archer Armor
17:06 Wheelbarrow
17:33 Town Watch
17:31 Horse Collar
22:26 Castle Age
22:37 Crossbowman
23:45 Bodkin Arrow
26:18 Leather Archer Armor
28:40 Ballistics
29:12 Thumb Ring
33:04 Hand Cart
36:29 Town Patrol
39:08 Imperial Age
36:59 Bow Saw
38:48 Treadmill Crane
39:24 Masonry
39:10 Murder Holes
39:12 Arbalester
39:54 Bracer
41:05 Chemistry
41:45 Conscription
42:01 Hoardings
Ricky-Uruguay
6:11 Loom
7:04 Loom
9:30 Feudal Age
10:20 Double-Bit Axe
17:39 Horse Collar
20:42 Scale Barding Armor
22:39 Bloodlines
27:02 Castle Age
33:46 Forging
34:38 Gold Mining
35:04 Bow Saw
36:37 Chain Barding Armor
37:26 Wheelbarrow
37:44 Husbandry
41:56 Iron Casting
Tito Makani
12:12 Feudal Age
16:43 Castle Age
15:30 Double-Bit Axe
20:55 Bow Saw
21:15 Loom
27:49 Fletching
28:02 Padded Archer Armor
28:24 Town Watch
29:40 Bodkin Arrow
30:00 Leather Archer Armor
31:27 Ballistics
42:06 Imperial Age
43:39 Bracer
44:51 Chemistry
makeinu
7:06 Loom
9:31 Feudal Age
9:59 Horse Collar
10:10 Double-Bit Axe
14:43 Forging
17:13 Gold Mining
19:23 Wheelbarrow
21:54 Castle Age
20:35 Scale Barding Armor
20:44 Bloodlines
23:15 Husbandry
23:37 Chain Barding Armor
23:52 Iron Casting
24:13 Bow Saw
26:07 Gold Shaft Mining
26:06 Heavy Plow
27:08 Town Watch
31:33 Hand Cart
32:21 Stone Mining
37:54 Imperial Age
36:58 Fletching
38:03 Cavalier
39:21 Plate Barding Armor
40:03 Blast Furnace
39:39 Conscription
40:33 Two-Man Saw
39:14 Paladin
El Master Nacho
5:46 Loom
12:00 Feudal Age
16:57 Castle Age
23:02 Eagle Warrior
25:18 Squires
28:38 Double-Bit Axe
30:18 Gambesons
33:08 Scale Mail Armor
32:53 Horse Collar
33:24 Bow Saw
36:17 Chain Mail Armor
36:14 Forging
37:22 Gold Mining
37:35 Heavy Plow
39:28 Wheelbarrow
41:30 Iron Casting
42:15 Fortified Wall
_OMO_
0:27 Loom
9:13 Feudal Age
12:43 Double-Bit Axe
14:07 Fletching
16:50 Horse Collar
17:42 Padded Archer Armor
22:41 Castle Age
21:43 Scale Mail Armor
21:53 Forging
21:35 Gold Mining
22:52 Crossbowman
23:28 Bodkin Arrow
23:44 Bow Saw
23:36 Eagle Warrior
26:11 Arson
26:27 Squires
26:28 Scale Mail Armor
26:39 Forging
28:00 Chain Mail Armor
30:03 Iron Casting
35:03 Wheelbarrow
36:21 Hand Cart
41:31 Imperial Age
40:25 Ballistics
40:14 Thumb Ring
40:02 Stone Mining
40:57 Leather Archer Armor
41:34 Elite Plumed Archer
42:16 Bracer
43:17 Two-Man Saw
43:35 Leather Archer Armor
44:22 Chemistry
43:04 Treadmill Crane
43:56 Heavy Plow
46:00 Conscription
Connection lost

Rejoining the realm…

Still unreachable

The connection could not be restored.

Session expired

The server has moved on; the page needs a fresh start.